Workbook
Name \0: #REF!
Name \0: #REF!
Name \00: #REF!
Name \00: #REF!
Name \a: #REF!
Name \AA: [1]LIQUIDACION!#REF!
Name \b: [2]STRSUMM0!#REF!
Name \bb: [2]STRSUMM0!#REF!
Name \E: #REF!
Name \E: #REF!
Name \EE: #REF!
Name \EE: #REF!
Name \G: #REF!
Name \k: '[3]7422CW00'!#REF!
Name \l: [4]STRSUMM0!#REF!
Name \M: #REF!
Name \M: #REF!
Name \ñ: '[5]7422CW00'!#REF!
Name \ñ: '[5]7422CW00'!#REF!
Name \P: #REF!
Name \P: #REF!
Name \R: #REF!
Name \R: #REF!
Name \s: #REF!
Name \V: #REF!
Name \X: 'PRESUPUESTO OFICIAL (Entidad)'!ERR
Name \X: [0]!ERR
Name \Z: 'PRESUPUESTO OFICIAL (Entidad)'!ERR
Name \Z: [0]!ERR
Name __________________A1: IF('PRESUPUESTO OFICIAL (Entidad)'!Values_Entered,Header_Row+'PRESUPUESTO OFICIAL (Entidad)'!Number_of_Payments,Header_Row)
Name __________________A1: IF([0]!Values_Entered,Header_Row+[0]!Number_of_Payments,Header_Row)
Name __________________A17000: #REF!
Name __________________A17000: #REF!
Name __________________A20000: #REF!
Name __________________A20000: #REF!
Name __________________A30000: #REF!
Name __________________G1: DATE(YEAR([0]!Loan_Start),MONTH([0]!Loan_Start)+Payment_Number,DAY([0]!Loan_Start))
Name __________________G1: DATE(YEAR([0]!Loan_Start),MONTH([0]!Loan_Start)+Payment_Number,DAY([0]!Loan_Start))
Name __________________PJ50: #REF!
Name __________________PJ50: #REF!
Name __________________v1: IF('PRESUPUESTO OFICIAL (Entidad)'!__________________v8,Header_Row+'PRESUPUESTO OFICIAL (Entidad)'!__________________v4,Header_Row)
Name __________________v1: IF(__________________v8,Header_Row+__________________v4,Header_Row)
Name __________________v2: IF('PRESUPUESTO OFICIAL (Entidad)'!__________________v8,Header_Row+'PRESUPUESTO OFICIAL (Entidad)'!__________________v4,Header_Row)
Name __________________v2: IF(__________________v8,Header_Row+__________________v4,Header_Row)
Name __________________v4: MATCH(0.01,'PRESUPUESTO OFICIAL (Entidad)'!End_Bal,-1)+1
Name __________________v4: MATCH(0.01,[0]!End_Bal,-1)+1
Name __________________v5: DATE(YEAR([0]!Loan_Start),MONTH([0]!Loan_Start)+Payment_Number,DAY([0]!Loan_Start))
Name __________________v5: DATE(YEAR([0]!Loan_Start),MONTH([0]!Loan_Start)+Payment_Number,DAY([0]!Loan_Start))
Name __________________v6: OFFSET('PRESUPUESTO OFICIAL (Entidad)'!Full_Print,0,0,'PRESUPUESTO OFICIAL (Entidad)'!__________________v2)
Name __________________v6: OFFSET([0]!Full_Print,0,0,__________________v2)
Name __________________v7: Scheduled_Payment+Extra_Payment
Name __________________v7: Scheduled_Payment+Extra_Payment
Name __________________v8: IF('PRESUPUESTO OFICIAL (Entidad)'!Loan_Amount*'PRESUPUESTO OFICIAL (Entidad)'!Interest_Rate*[0]!Loan_Years*[0]!Loan_Start>0,1,0)
Name __________________v8: IF([0]!Loan_Amount*[0]!Interest_Rate*[0]!Loan_Years*[0]!Loan_Start>0,1,0)
Name __________________w1: IF('PRESUPUESTO OFICIAL (Entidad)'!__________________w7,Header_Row+'PRESUPUESTO OFICIAL (Entidad)'!__________________w3,Header_Row)
Name __________________w1: IF(__________________w7,Header_Row+__________________w3,Header_Row)
Name __________________w2: IF('PRESUPUESTO OFICIAL (Entidad)'!__________________w7,Header_Row+'PRESUPUESTO OFICIAL (Entidad)'!__________________w3,Header_Row)
Name __________________w2: IF(__________________w7,Header_Row+__________________w3,Header_Row)
Name __________________w3: MATCH(0.01,'PRESUPUESTO OFICIAL (Entidad)'!End_Bal,-1)+1
Name __________________w3: MATCH(0.01,[0]!End_Bal,-1)+1

Sheet PORTADA
A9: INSTITUTO NACIONAL DE VIAS
A10: DIRECCION TERRITORIAL OCAÑA
A12: INFORME DE EVALUACION FINAL
A13: PROCESO MINIMA CUANTIA No. SVIV MINC 015 DE 2025
A14: SUMINISTRO DE COMBUSTIBLE (GASOLINA Y ACPM) PARA LOS VEHÍCULOS, MOTOCICLETAS Y MAQUINARIA ADSCRITA A LA SECRETARIA DE VÍAS, INFRAESTRUCTURA Y VIVIENDA LAS CUALES BRINDAN APOYO EN EL MEJORAMIENTO, MANTENIMIENTO DE LA MALLA VIAL URBANA Y RURAL EN EL MUNICIPIO DE OCAÑA DEPARTAMENTO NORTE DE SANTANDER | H14: Carta de Aceptación de Requisitos técnicos mínimos (SI/NO)

Sheet RESUMEN
A7: ALCALDIA MUNICIPAL DE OCAÑA
A8: DEPARTAMENTO NORTE DE SANTANDER
B10: =+PORTADA!$A$13 -> PROCESO MINIMA CUANTIA No. SVIV MINC 015 DE 2025
B11: =+PORTADA!$A$14 -> SUMINISTRO DE COMBUSTIBLE (GASOLINA Y ACPM) PARA LOS VEHÍCULOS, MOTOCICLETAS Y MAQUINARIA ADSCRITA A LA SECRETARIA DE VÍAS, INFRAESTRUCTURA Y VIVIENDA LAS CUALES BRINDAN APOYO EN EL MEJORAMIENTO, MANTENIMIENTO DE LA MALLA VIAL URBANA Y RURAL EN EL MUNICIPIO DE OCAÑA DEPARTAMENTO NORTE DE SANTANDER | G11: IND.NAL | H11: REINCORP. | J11: Carta de Aceptación de Requisitos técnicos mínimos (SI/NO)
B12: RESULTADO DE LA EVALUACIÓN DE EXPERIENCIA
C14: PROPUESTA | D14: PROPONENTE | E14: CALIFICACIÓN
C15: NÚMERO | E15: OBTENIDA
C17: 1 | D17: COOPERATIVA DE TRANSPORTADORES UNIDOS DE OCAÑA - COOTRASUNIDOS | E17: HABIL | G17: 0 | H17: 0 | J17: SI
G19: 0 | H19: 0 | J19: SI
E22: HABIL | F22: 1
E23: NO HABIL | F23: =COUNTIF($E$17:$E$19,E23) -> 0
E24: RECHAZADA | F24: =COUNTIF($E$17:$E$19,E24) -> 0
E25: PENDIENTE | F25: 0
E26: TOTAL | F26: =SUM(F22:F24) -> 1

Sheet PRESUPUESTO OFICIAL (Entidad)
B2: PRESUPUESTO OFICIAL
B3: =+PORTADA!A13 -> PROCESO MINIMA CUANTIA No. SVIV MINC 015 DE 2025
B4: =+PORTADA!A14 -> SUMINISTRO DE COMBUSTIBLE (GASOLINA Y ACPM) PARA LOS VEHÍCULOS, MOTOCICLETAS Y MAQUINARIA ADSCRITA A LA SECRETARIA DE VÍAS, INFRAESTRUCTURA Y VIVIENDA LAS CUALES BRINDAN APOYO EN EL MEJORAMIENTO, MANTENIMIENTO DE LA MALLA VIAL URBANA Y RURAL EN EL MUNICIPIO DE OCAÑA DEPARTAMENTO NORTE DE SANTANDER
B7: ITEMS | C7: DESCRIPCIÓN | D7: UND DE MEDIDA | E7: CANT | F7: VALOR UNITARIO | G7: VALOR TOTAL
B8: 1 | C8: GASOLINA | D8: GALON | E8: 300.5 | F8: 15363.5 | G8: =F8*E8 -> 4616731.8
B9: 2 | C9: ACPM | D9: GALON | E9: 3571.18 | F9: 9908 | G9: =F9*E9 -> 35383251
B10: TOTAL | G10: =SUM(G8:G9) -> 39999983

Sheet PROP.ECONOMICA COOTRASUNIDOS

Sheet  EV.EXPERIENCIA EP
B1: ALCALDIA MUNICPAL DE OCAÑA
B2: =PORTADA!A13 -> PROCESO MINIMA CUANTIA No. SVIV MINC 015 DE 2025
B3: =+PORTADA!A14 -> SUMINISTRO DE COMBUSTIBLE (GASOLINA Y ACPM) PARA LOS VEHÍCULOS, MOTOCICLETAS Y MAQUINARIA ADSCRITA A LA SECRETARIA DE VÍAS, INFRAESTRUCTURA Y VIVIENDA LAS CUALES BRINDAN APOYO EN EL MEJORAMIENTO, MANTENIMIENTO DE LA MALLA VIAL URBANA Y RURAL EN EL MUNICIPIO DE OCAÑA DEPARTAMENTO NORTE DE SANTANDER
B5: RELACIÓN EXPERIENCIA PROCESO MÍNIMA CUANTÍA
C6: PROPONENTE | D6: =+RESUMEN!D17 -> COOPERATIVA DE TRANSPORTADORES UNIDOS DE OCAÑA - COOTRASUNIDOS
B8: No. de | C8: CONTRATANTE | D8: CONTRATO | F8: FORMAS DE EJECUCION REPORTADO EN EL RUP | H8: Integrante que aporta experiencia | I8: Fecha de Iniciacion (Dia-mes-año) | J8: Fecha de Terminacion (Dia-mes-año) | K8: PLAZO EN MESES | L8: VALOR TOTAL DEL CONTRATO | M8: VALOR TOTAL FACTURADO DEL CONTRATO EN SMMLV AFECTADO POR EL PORCENTAJE DE PARTICIPACION
B9: Orden | D9: No. | E9: Objeto | F9: I,C,UT, OTRA | G9: %
B11: 1 | C11: ALCALDIA MUNICIPAL DE OCAÑA | D11: SVIV 032 DE 2024 | E11: SUMINISTRO DE COMBUSTIBLE (GASOLINA Y ACPM) PARA LOS VEHICULOS, MOTOCICLETAS Y MAQUINARIA ABASCRITA A LA SECRETARIA DE VÍAS, INFRAESTRUCTURA Y VIVIENDA LAS CUALES BRINDAN APOYO EN EL MEJORAMIENTO, MANTENIMIENTO DE LA MALLA VIAL URBANA Y RURAL EN EL MUNICIPIO DE OCAÑA DEPARTAMENTO NORTE DE SANTANDER | F11: I | G11: 100 | H11: COOPERATIVA DE TRANSPORTADORES UNIDOS DE OCAÑA COOTRASUNIDOS | I11: 45513 | J11: 45588 | K11: =(J11-I11)/30 -> 2.5 | L11: 57629770 | M11: 0
L12: =SUM(L11:L11) -> 57629770 | M12: =M11+#REF! -> #REF!
L13: =L12 -> 57629770 | M13: =+IF(M12>$J13,"HABIL","NO HABIL") -> #REF!

Sheet EV.PRECIO,
D3: =+PORTADA!A13 -> PROCESO MINIMA CUANTIA No. SVIV MINC 015 DE 2025
D5: =+PORTADA!A14 -> SUMINISTRO DE COMBUSTIBLE (GASOLINA Y ACPM) PARA LOS VEHÍCULOS, MOTOCICLETAS Y MAQUINARIA ADSCRITA A LA SECRETARIA DE VÍAS, INFRAESTRUCTURA Y VIVIENDA LAS CUALES BRINDAN APOYO EN EL MEJORAMIENTO, MANTENIMIENTO DE LA MALLA VIAL URBANA Y RURAL EN EL MUNICIPIO DE OCAÑA DEPARTAMENTO NORTE DE SANTANDER
D7: Nº | E7: DESCRIPCIÓN | F7: UND. | G7: CANTIDAD | H7: PRESUPUESTO OFICIAL | J7: PROPUESTA ECONOMICA | L7: VERIFICACION PRECIO UNITARIO
H8: VALOR UNITARIO | I8: VALOR TOTAL | J8: VALOR UNITARIO | K8: VALOR TOTAL
D10: =+'PRESUPUESTO OFICIAL (Entidad)'!B8 -> 1 | E10: =+'PRESUPUESTO OFICIAL (Entidad)'!C8 -> GASOLINA | F10: =+'PRESUPUESTO OFICIAL (Entidad)'!D8 -> GALON | G10: =+'PRESUPUESTO OFICIAL (Entidad)'!E8 -> 300.5 | H10: =+'PRESUPUESTO OFICIAL (Entidad)'!F8 -> 15363.5 | I10: =+G10*H10 -> 4616731.8 | J10: 15350 | K10: =+J10*G10 -> 4612675 | L10: CUMPLE
D11: =+'PRESUPUESTO OFICIAL (Entidad)'!B9 -> 2 | E11: =+'PRESUPUESTO OFICIAL (Entidad)'!C9 -> ACPM | F11: =+'PRESUPUESTO OFICIAL (Entidad)'!D9 -> GALON | G11: =+'PRESUPUESTO OFICIAL (Entidad)'!E9 -> 3571.18 | H11: =+'PRESUPUESTO OFICIAL (Entidad)'!F9 -> 9908 | I11: =+G11*H11 -> 35383251 | J11: 9900 | K11: =+J11*G11 -> 35354682 | L11: CUMPLE
D12: SUBTOTAL OBRAS | I12: =SUM(I10:I11) -> 39999983 | K12: =SUM(K10:K11) -> 39967357
E14: TOTAL INCLUIDO IMPUESTOS DE LEY | I14: =+I12 -> 39999983 | K14: =+K12 -> 39967357
L15: CUMPLE
E19: NOTA: LOS VALORES DESCRITOS INCLUYEN DESCUENTOS E IMPUESTOS DE LEY Y SERÁ TENIDO EN CUENTA EL VALOR TOTAL DEL PRODUCTO INCLUIDO EL I.V.A. E IMPUESTOS PARA EL FACTOR DE CALIFICACIÓN

Sheet FORMULARIO 2
A1: MINISTERIO DE TRANSPORTE
A2: INSTITUTO NACIONAL DE VÍAS
A3: SUBDIRECCION DE LA RED NACINAL DE CARRETERAS
A4: CONCURSO DE MÉRITOS ABIERTO No. CMA-PRE-DO-XXX-2016
A5: ADMINISTRACION VIAL
A6: FORMULARIO No. 2
A8: FACTOR MULTIPLICADOR
A10: No. | B10: DESCRIPCION | I10: TOTAL
A11: 1. | B11: Salarios y Prestaciones Sociales de Personal Facturable
B24: Sub-total
A26: 2. | B26: Gastos Directos
B31: Sub-total
A33: 3. | B33: Gastos Generales
B47: Sub-total
A49: 4. | B49: Costos Directos No Reembolsables
F58: Sub-total
A59: 5. | B59: Porcentaje de Honorarios
A60: TOTAL FACTOR MULTIPLICADOR
A62: NOMBRE DEL PROPONENTE:
A63: REPRESENTANTE LEGAL (nombre y firma):
A64: FECHA:
